 Dungeon Crawl Stone Soup version 0.26-a0-639-g72c4674329 (webtiles) character file.

Game seed: 5901527162402222253

298638 Flugslaktarn the Severer (level 19, -2/292 HPs)
             Began as a Deep Dwarf Fighter on Sept 23, 2020.
             Was the Champion of Makhleb.
             Slain by a green draconian
             ... wielding a +0 scimitar
              (15 damage)
             ... on level 4 of the Realm of Zot.
             The game lasted 00:16:56 (21132 turns).

Flugslaktarn the Severer (Deep Dwarf Fighter)      Turns: 21132, Time: 00:16:56

Health: -2/292     AC: 34    Str: 30    XL:     19   Next: 71%
Magic:  22/22      EV:  8    Int: 16    God:    Makhleb [******]
Gold:   3874       SH: 21    Dex: 12    Spells: 18/18 levels left

rFire    + . .     SeeInvis .   a - +9 broad axe (vorpal)
rCold    . . .     Faith    .   B - +1 kite shield {AC+3}
rNeg     + . .     Spirit   .   G - +7 crystal plate armour
rPois    +         Reflect  +   (helmet restricted)
rElec    +         Harm     .   c - +2 cloak
rCorr    .         Rampage  .   f - +0 pair of gloves
MR       ++...                  v - +2 pair of boots {Fly}
Stlth    ..........             j - amulet of reflection
HPRegen  0.00/turn              M - ring of Freedom {rElec rF+ Str+3 Int+6}
MPRegen  0.18/turn              o - ring of poison resistance

@: mighty, berserking (expiring), lethally poisoned (-2 -> -33), corroded,
flying, non-regenerating, constricted, very quick
A: damage resistance, heal wounds, horns 1, camouflage 1, negative energy
resistance 1, sense surroundings 3, no regeneration
}: 3/15 runes: decaying, serpentine, abyssal
a: Heal Wounds, Minor Destruction, Lesser Servant of Makhleb, Major Destruction,
Greater Servant of Makhleb, Renounce Religion, Stop Flying


You were on level 4 of the Realm of Zot.
You worshipped Makhleb.
Makhleb was exalted by your worship.
You visited 8 branches of the dungeon, and saw 39 of its levels.
You visited the Abyss 1 time.
You visited 1 bazaar.
You also visited: Ice Cave.

You collected 5632 gold pieces.
You spent 1758 gold pieces at shops.

Inventory:

Hand Weapons
 a - a +9 vorpal broad axe (weapon)
   (You took it off a tengu warrior on level 13 of the Dungeon)
 b - a +1 short sword of distortion
   (You took it off Sonja on level 2 of the Lair of Beasts)
Missiles
 e - 2 throwing nets (quivered)
Armour
 c - a +2 cloak (worn)
   (You found it on level 13 of the Dungeon)
 f - a +0 pair of gloves (worn)
   (You took it off Nikola on level 1 of the Depths)
 v - a +2 pair of boots of flying (worn)
   (You acquired it on level 13 of the Dungeon)
 B - a +1 kite shield of protection (worn)
   (You took it off a tengu warrior on level 13 of the Dungeon)
 G - a +7 crystal plate armour (worn)
   (You found it on level 6 of the Dungeon)
Jewellery
 i - an uncursed ring of see invisible
   (You found it on level 12 of the Dungeon)
 j - an amulet of reflection (around neck)
   (You found it on level 6 of the Dungeon)
 o - a ring of poison resistance (right hand)
   (You found it on level 3 of the Lair of Beasts)
 p - a +4 ring of protection
   (You bought it in a shop in a bazaar)
 M - the ring of Freedom (left hand) {rElec rF+ Str+3 Int+6}
   (You bought it in a shop in a bazaar)

   [ring of intelligence]

   It affects your strength (+3).
   It affects your intelligence (+6).
   It protects you from fire.
   It insulates you from electricity.
Wands
 k - a wand of enslavement (15)
   (You found it on level 4 of the Dungeon)
 u - a wand of digging (4)
   (You found it on level 2 of the Lair of Beasts)
 A - a wand of iceblast (13)
   (You found it on level 9 of the Dungeon)
 N - a wand of paralysis (15)
   (You found it on level 3 of the Snake Pit)
 Q - a wand of acid (4)
   (You found it on level 4 of the Swamp)
Scrolls
 r - 6 scrolls of identify
 t - 7 scrolls of teleportation
 x - 11 scrolls of remove curse
 z - 2 scrolls of blinking
 H - a scroll of brand weapon
 I - 2 scrolls of magic mapping
 J - 3 scrolls of fog
 K - a scroll of summoning
Potions
 d - 4 potions of might
 g - 7 potions of lignification
 h - a potion of haste
 l - 2 potions of cancellation
 n - 4 potions of resistance
 q - 10 potions of curing
 w - 4 potions of heal wounds
 y - 3 potions of berserk rage
 D - a potion of ambrosia
 E - 3 potions of mutation
 L - a potion of magic
Miscellaneous
 C - a tin of tremorstones (3/3)
   (You found it on level 3 of the Lair of Beasts)
 F - a condenser vane (2/2)
   (You bought it in a shop in a bazaar)


   Skills:
 * Level 17.9 Fighting
 - Level 18.0 Axes
 + Level 15.4 Armour
 - Level 11.0 Dodging
 - Level 15.0 Shields
 - Level 15.0 Invocations
 - Level 8.0 Evocations


You had 18 spell levels left.
You didn't know any spells.
Your spell library was empty.

Dungeon Overview and Level Annotations

Branches:
Dungeon (15/15)            Temple (1/1) D:7            Lair (4/6) D:9
  Swamp (4/4) Lair:4        Snake (4/4) Lair:3          Orc (2/2) D:12
    Elf (0/3) Orc:2        Vaults (0/5) D:13         Depths (5/5) D:15
    Zot (4/5) Depths:5      IceCv (visited)

Altars:
Ashenzari
Cheibriados
Dithmenos
Elyvilon
Fedhas
Gozag
Hepliaklqana
Kikubaaqudgha
Makhleb
Nemelex Xobeh
Okawaru
Qazlal
Ru
Trog
Uskayaw
Vehumet
Xom
Yredelemnul
Zin
The Shining One
Beogh

Shops:
D:7 =   D:12 !   Orc:2 :(*(?

Portals:
Hell: Depths:1

Annotations:
D:14 exclusion: oklob plant
Lair:2 exclusion: oklob plant
Lair:4 1 runed translucent door, Cakiepeg's ghost, journeyman DDGl
Swamp:3 Roxanne
Orc:2 1 runed translucent door, p0werm0de's ghost, journeyman MiFi


Innate Abilities, Weirdness & Mutations

You are resistant to damage.
You can heal yourself by infusing magical energy.
You resist negative energy. (rN+)
You passively map a large area around you.
You do not regenerate.
You have a pair of small horns on your head.
Your skin changes colour to match your surroundings (Stealth+).


Message History

The golden dragon is almost dead.
You slash the green draconian!
You closely miss the red draconian scorcher.
You hit the red draconian stormcaller but do no damage.
You hit the red draconian.
You barely miss the tentacled monstrosity.
You closely miss the red draconian. You slash the blizzard demon!
You kill the blizzard demon!
* * * LOW HITPOINT WARNING * * *
You feel sick.
The red draconian scorcher hits you but does no damage.
The tentacled monstrosity tentacle-slaps you but does no damage. x2
The tentacled monstrosity tentacle-slaps you!
* * * LOW HITPOINT WARNING * * *
The tentacled monstrosity grabs you.
* * * LOW HITPOINT WARNING * * *
The tentacled monstrosity constricts you!
You block the red draconian's attack.
The green draconian hits you with a +0 scimitar!
You die...

**...............
, ...............
...$...d.....§., ,
#....§.qq.q.d...,
, #q○○#..dD.......
, ,,,
#☼☼☼...qdd.k....
,* *
#○§○.ddd.dd.....
#○○...d†Dddq..##
#.○....d@qk...##
#**
#......Xdq...[.#..
#......††.........
,
#|2....).#........
*
....^..)##.^#...,
,
.......###.<##..,
, ,
......#.....#*#) *
,.....##...§.# * ,
,, , ,,
....#*#.....# *,,
,


You could see a tentacled monstrosity, 2 golden dragons, 3 draconians, 2
draconians, 2 draconians, 4 draconians, 4 draconians, a white draconian shifter,
2 draconians, 3 draconians, 2 draconians, 2 wind drakes and a friendly blizzard
demon (summoned).

Vanquished Creatures
  Bai Suzhen (Snake:4)
  Frederick (Depths:5)
  Saint Roka (Depths:5)
  Nikola (Depths:1)
  A lich (Depths:1)
  Rupert (D:13)
  A tentacled monstrosity (Zot:2)
  4 tentacled starspawn (Abyss:4)
  A sphinx (Depths:3)
  A death cob (Zot:2)
  2 thorn hunters
  A draconian monk (Zot:4)
  5 storm dragons
  6 nagarajas
  4 shadow dragons
  A frost giant (Depths:3)
  4 fire giants
  2 draconian knights
  A draconian stormcaller (Zot:4)
  5 draconian shifters
  An iron dragon (Depths:3)
  2 draconian annihilators
  4 stone giants
  An entropy weaver (Abyss:4)
  Nessos (D:13)
  A juggernaut skeleton (Depths:3)
  5 very ugly things
  5 green draconians
  2 black draconians
  An ophan (Abyss:4)
  A white draconian (Zot:2)
  5 purple draconians
  2 red draconians
  2 yellow draconians
  3 ettins
  A merfolk impaler (Depths:1)
  A blizzard demon (Abyss:4)
  A yaktaur captain (Depths:5)
  5 fire dragons
  A great orb of eyes (Depths:5)
  16 hydras
  An ice dragon (Depths:5)
  11 naga warriors
  6 anacondas
  2 shambling mangroves
  4 centaur warriors
  3 deep troll shamans
  8 alligators
  A satyr (Abyss:4)
  A queen ant (Lair:2)
  23 two-headed ogres
  7 tengu warriors
  4 ogre magi
  5 orc high priests (Orc:2)
  A vampire mage (Depths:3)
  2 deep troll earth magi (Depths:5)
  4 spriggan berserkers
  Sonja (Lair:2)
  4 shock serpents
  6 naga sharpshooters (Snake:4)
  4 thrashing horrors (Abyss:4)
  A sun demon (Abyss:4)
  4 wretched stars (Abyss:4)
  2 iron trolls (Depths:1)
  2 salamander mystics
  A hell knight (Depths:3)
  2 sixfirhies (Abyss:4)
  6 skeletal warriors
  4 deep trolls
  A spatial maelstrom (Abyss:4)
  4 unseen horrors
  9 swamp dragons
  4 spriggan druids (Swamp:3)
  5 naga ritualists
  4 harpies (D:13)
  11 starcursed masses (Abyss:4)
  A golden dragon skeleton (Depths:3)
  The ghost of jt the Digger, a novice OpEE of Ashenzari (D:6)
  2 flayed ghosts
  2 glowing orange brains
  2 necromancers
  12 orc knights
  A wolf spider zombie (D:12)
  Pikel (D:7)
  15 ugly things
  3 mana vipers
  3 deep elf magi
  A wolf spider (D:15)
  6 salamanders
  7 orc sorcerers
  3 worldbinders (Abyss:4)
  4 moths of wrath
  A dire elephant zombie (Abyss:4)
  5 manticores
  A frost giant zombie (Depths:3)
  4 cyclopes
  23 black mambas
  An apocalypse crab (Abyss:4)
  27 naga magi
  3 centaur zombies
  A fire giant skeleton (Depths:3)
  2 guardian serpents (Snake:4)
  7 cane toads
  A gargoyle (D:12)
  A smoke demon (Abyss:4)
  Maggie (Lair:2)
  A redback zombie (D:14)
  A komodo dragon (shapeshifter) (Depths:4)
  7 komodo dragons
  2 rime drakes
  2 anaconda simulacra (Abyss:4)
  4 ancient zymes (Abyss:4)
  2 tengu conjurers
  A golden dragon simulacrum (Depths:3)
  6 yaktaurs (Depths:1)
  3 trolls
  2 hydra zombies (Abyss:4)
  A polar bear (Lair:4)
  A hornet (shapeshifter) (Depths:2)
  10 blink frogs
  10 bog bodies
  9 hornets
  7 tyrant leeches
  5 large abominations (Abyss:4)
  9 slime creatures
  3 raiju (Abyss:4)
  2 meliai zombies (D:14)
  2 hippogriffs
  2 shadows
  2 ynoxinuls (Abyss:4)
  2 vampires
  11 water elementals
  A wraith (D:14)
  23 yaks
  Eustachio (D:5)
  16 humans (D:13)
  A basilisk (Lair:4)
  6 swamp worms
  A chaos spawn (Abyss:4)
  2 neqoxecs (Abyss:4)
  6 vampire mosquitoes
  Edmund (D:4)
  Menkaure (D:7)
  26 nagas
  13 insubstantial wisps
  8 water moccasins
  11 wargs
  6 soldier ants
  A floating eye (Depths:3)
  4 porcupines
  10 swamp drakes
  44 orc warriors
  5 ice beasts
  2 sky beasts
  2 black bears
  20 ogres
  3 phantoms
  2 eyes of draining
  10 centaurs
  6 wolves (Orc:2)
  5 big kobolds
  8 crocodiles
  A lemure (D:7)
  13 bullfrogs
  2 gnoll sergeants (D:12)
  A wyvern skeleton (D:9)
  A wyvern zombie (D:9)
  4 small abominations (Abyss:4)
  3 scorpions
  3 howler monkeys (D:10)
  11 wights
  An electric eel (D:10)
  5 bullfrog zombies
  5 centaur skeletons
  5 hounds
  37 orc priests
  13 jellies
  3 bullfrog skeletons
  5 iguanas
  21 orc wizards
  26 worker ants
  A hound zombie (D:6)
  A hound skeleton (D:9)
  5 gnolls (D:12)
  7 adders
  5 white imps
  2 ufetubi
  11 oozes (Lair:1)
  A dart slug (D:2)
  A leopard gecko (D:4)
  96 orcs
  3 bats
  A giant cockroach (D:7)
  4 goblins
  A hobgoblin (D:3)
  4 jackals (D:1)
  3 quokkas
  A frilled lizard (D:5)
  A jackal zombie (D:6)
  21 kobolds
  A quokka skeleton (D:9)
  2 quokka zombies
  A rat (D:1)
  3 briar patches (Abyss:4)
  A lurking horror (Abyss:4)
  4 starspawn tentacles (Abyss:4)
1098 creatures vanquished.

Vanquished Creatures (collateral kills)
  Snorg (D:11)
1 creature vanquished.

Vanquished Creatures (others)
  A thrashing horror (Abyss:4)
  21 fungi
  27 plants
  5 starspawn tentacles (Abyss:4)
54 creatures vanquished.

Grand Total: 1153 creatures vanquished

Notes
Turn   | Place    | Note
-------+----------+-------------------------------------------
     0 | D:1      | Flugslaktarn the Deep Dwarf Fighter began the quest for the
                  | Orb.
     0 | D:1      | Reached XP level 1. HP: 20/20 MP: 1/1
    86 | D:1      | Reached XP level 2. HP: 25/27 MP: 2/2
   153 | D:2      | Found an opulent altar of Gozag.
   217 | D:2      | Found a faded altar of an unknown god.
   231 | D:2      | Reached XP level 3. HP: 28/34 MP: 3/3
   303 | D:3      | Reached skill level 3 in Axes
   345 | D:4      | Noticed Edmund
   386 | D:4      | Killed Edmund
   386 | D:4      | Reached XP level 4. HP: 42/44 MP: 4/4
   386 | D:4      | Reached XP level 5. HP: 48/50 MP: 5/5
   452 | D:4      | Reached skill level 4 in Axes
   509 | D:4      | Got a transparent buckler
   520 | D:4      | Identified the +1 buckler of Decompression {MR+ Int+3} (You
                  | found it on level 4 of the Dungeon)
   853 | D:4      | Noticed an ogre
   859 | D:4      | Killed an ogre
   859 | D:4      | Reached XP level 6. HP: 26/58 MP: 6/6
   988 | D:5      | Entered Level 5 of the Dungeon
  1014 | D:5      | Reached skill level 5 in Axes
  1024 | D:5      | Reached XP level 7. HP: 36/66 MP: 6/6
  1124 | D:5      | Reached skill level 5 in Fighting
  1214 | D:5      | Reached skill level 5 in Shields
  1222 | D:5      | Reached skill level 5 in Armour
  1288 | D:5      | Noticed Eustachio
  1290 | D:5      | Reached skill level 6 in Axes
  1303 | D:5      | Killed Eustachio
  1303 | D:5      | Reached XP level 8. HP: 55/75 MP: 7/7
  1386 | D:5      | Found a shadowy altar of Dithmenos.
  1807 | D:6      | Found a white marble altar of Elyvilon.
  1893 | D:6      | Reached skill level 7 in Axes
  1908 | D:6      | Found a runed translucent door.
  1914 | D:6      | Noticed jt's ghost (novice OpEE)
  2121 | D:6      | Killed jt's ghost
  2147 | D:6      | Gained mutation: You passively map the area around you.
                  | [Deep Dwarf growth]
  2147 | D:6      | Reached XP level 9. HP: 62/85 MP: 7/7
  2520 | D:6      | Reached skill level 8 in Axes
  2712 | D:7      | Found Weur's Jewellery Shop.
  2833 | D:7      | Found a staircase to the Ecumenical Temple.
  2856 | D:7      | Noticed Menkaure
  2864 | D:7      | Killed Menkaure
  3070 | Temple   | Entered the Ecumenical Temple
  3210 | Temple   | Became a worshipper of Makhleb the Destroyer
  3583 | D:7      | Noticed Pikel
  3602 | D:7      | Killed Pikel
  3602 | D:7      | Reached skill level 1 in Invocations
  4033 | D:8      | Reached skill level 9 in Axes
  4048 | D:8      | Noticed a two-headed ogre
  4069 | D:8      | Killed a two-headed ogre
  4069 | D:8      | Reached XP level 10. HP: 54/96 MP: 6/8
  4295 | D:8      | Found a bloodstained altar of Trog.
  4663 | D:9      | Found a sparkling altar of Nemelex Xobeh.
  4854 | D:9      | Reached * piety under Makhleb
  4890 | D:9      | Noticed a two-headed ogre
  4901 | D:9      | Killed a two-headed ogre
  4901 | D:9      | Reached skill level 10 in Axes
  4945 | D:9      | Reached skill level 5 in Invocations
  5064 | D:9      | Found a staircase to the Lair.
  5116 | D:10     | Entered Level 10 of the Dungeon
  5442 | D:10     | Reached XP level 11. HP: 84/106 MP: 9/9
  5598 | D:10     | Reached ** piety under Makhleb
  5997 | D:11     | Identified 2 scrolls of acquirement
  5997 | D:11     | Acquired 1750 gold pieces
  6320 | D:11     | Noticed an orc sorcerer
  6320 | D:11     | Noticed an orc sorcerer
  6321 | D:11     | Noticed an orc knight
  6336 | D:11     | Killed an orc sorcerer
  6336 | D:11     | Reached skill level 11 in Axes
  6336 | D:11     | Killed an orc sorcerer
  6371 | D:11     | Killed an orc knight
  6414 | D:11     | Got a shimmering war axe
  6415 | D:11     | Identified the +2 war axe of Ytaplyi {vorpal, Dex+6 SInv}
                  | (You found it on level 11 of the Dungeon)
  6439 | D:11     | Noticed a two-headed ogre
  6452 | D:11     | Killed a two-headed ogre
  6620 | D:11     | Reached *** piety under Makhleb
  6642 | D:11     | Reached skill level 10 in Fighting
  6662 | D:11     | Noticed Snorg
  6673 | D:11     | Killed Snorg
  6765 | D:11     | Reached skill level 1 in Evocations
  7019 | D:12     | Found Toeffiv's Distillery.
  7029 | D:12     | Bought a potion of haste for 120 gold pieces
  7029 | D:12     | Bought a potion of heal wounds for 60 gold pieces
  7029 | D:12     | Bought a potion of heal wounds for 60 gold pieces
  7040 | D:12     | Noticed an unseen horror
  7053 | D:12     | Killed an unseen horror
  7115 | D:12     | Noticed an unseen horror
  7120 | D:12     | Reached XP level 12. HP: 101/117 MP: 10/10
  7148 | D:12     | Reached skill level 12 in Axes
  7176 | D:12     | Found a staircase to the Orcish Mines.
  7210 | D:12     | Reached **** piety under Makhleb
  7332 | D:12     | Noticed a tengu warrior
  7343 | D:12     | Killed a tengu warrior
  7668 | D:13     | Found a gate to the Vaults.
  7668 | D:13     | Noticed Rupert
  7668 | D:13     | Noticed Nessos
  7668 | D:13     | Noticed a centaur warrior
  7689 | D:13     | Killed a centaur warrior
  7691 | D:13     | Killed Rupert
  7691 | D:13     | Reached skill level 5 in Evocations
  7698 | D:13     | Killed Nessos
  7731 | D:13     | Reached skill level 13 in Axes
  7731 | D:13     | Reached XP level 13. HP: 127/127 MP: 12/12
  7739 | D:13     | Reached ***** piety under Makhleb
  7831 | D:13     | Reached skill level 10 in Armour
  7837 | D:13     | Reached skill level 10 in Shields
  8526 | D:13     | Acquired a +2 pair of boots of flying
  9316 | D:14     | Found a blossoming altar of Fedhas.
  9399 | D:15     | Entered Level 15 of the Dungeon
  9417 | D:15     | Reached skill level 10 in Invocations
  9592 | D:15     | Reached skill level 14 in Axes
  9626 | D:15     | Gained mutation: You resist negative energy. (rN+) [Deep
                  | Dwarf growth]
  9626 | D:15     | Reached XP level 14. HP: 138/138 MP: 14/14
  9721 | D:15     | Found a staircase to the Depths.
  9806 | D:15     | Paralysed by a hornet for 1 turns
 10100 | D:15     | Reached ****** piety under Makhleb
 10513 | Lair:1   | Entered Level 1 of the Lair of Beasts
 11138 | Lair:2   | Noticed Maggie
 11145 | Lair:2   | Killed Maggie
 11239 | Lair:2   | Reached skill level 15 in Axes
 11244 | Lair:2   | Reached skill level 1 in Dodging
 11726 | Lair:2   | Noticed Sonja
 11730 | Lair:2   | Killed Sonja
 12227 | Lair:3   | Found a staircase to the Snake Pit.
 12369 | Lair:3   | Reached XP level 15. HP: 148/148 MP: 16/16
 12820 | Lair:4   | Found a staircase to the Swamp.
 12932 | Lair:4   | Found a runed translucent door.
 12938 | Lair:4   | Identified the +4 trident of Disintegration {protect, rPois
                  | rN+ Dex+3}
 12939 | Lair:4   | Noticed Cakiepeg's ghost (journeyman DDGl)
 13645 | Orc:1    | Entered Level 1 of the Orcish Mines
 13835 | Orc:1    | Found a roughly hewn altar of Beogh.
 14034 | Orc:2    | Entered Level 2 of the Orcish Mines
 14034 | Orc:2    | Found a roughly hewn altar of Beogh.
 14094 | Orc:2    | Found a staircase to the Elven Halls.
 14103 | Orc:2    | Found a runed translucent door.
 14119 | Orc:2    | Noticed p0werm0de's ghost (journeyman MiFi)
 14502 | Orc:2    | Found Gattuq's Magic Scroll Shoppe.
 14634 | Orc:2    | Found Gonneisa's Weapon Shoppe.
 14637 | Orc:2    | Found Monasut's Weapon Shoppe.
 14638 | Orc:2    | Found Ichesuug's Book Shoppe.
 14639 | Orc:2    | Found Qoodonaw's General Store.
 14873 | Orc:2    | Bought a scroll of enchant armour for 112 gold pieces
 14873 | Orc:2    | Bought a scroll of magic mapping for 52 gold pieces
 14873 | Orc:2    | Bought 2 scrolls of fog for 60 gold pieces
 14873 | Orc:2    | Bought a scroll of summoning for 142 gold pieces
 15141 | Snake:1  | Entered Level 1 of the Snake Pit
 15295 | Snake:2  | Found a frozen archway.
 15299 | IceCv    | Entered an ice cave
 15534 | Snake:2  | Reached skill level 16 in Axes
 15542 | Snake:3  | Found a flickering gateway to a bazaar.
 15568 | Bazaar   | Entered a bazaar
 15581 | Bazaar   | Found Vovurgh's Jewellery Emporium.
 15622 | Bazaar   | Found Ocei's Gadget Emporium.
 15655 | Bazaar   | Found Hitzokirch's Book Boutique.
 15743 | Bazaar   | Found Epeloa's Gadget Emporium.
 15751 | Bazaar   | Bought a condenser vane (2/2) for 300 gold pieces
 15846 | Bazaar   | Bought a +4 ring of protection for 252 gold pieces
 15846 | Bazaar   | Bought the ring of Freedom {rElec rF+ Str+3 Int+6} for 600
                  | gold pieces
 16142 | Snake:4  | Entered Level 4 of the Snake Pit
 16245 | Snake:4  | Reached XP level 16. HP: 159/159 MP: 18/18
 16339 | Snake:4  | Acquired 760 gold pieces
 16373 | Snake:4  | Reached skill level 5 in Dodging
 16597 | Snake:4  | Noticed Bai Suzhen
 16647 | Snake:4  | Killed Bai Suzhen
 16719 | Snake:4  | Reached skill level 17 in Axes
 16981 | Snake:4  | Got a serpentine rune of Zot
 17338 | Swamp:1  | Entered Level 1 of the Swamp
 17549 | Swamp:3  | Reached XP level 17. HP: 168/168 MP: 20/20
 17637 | Swamp:3  | Reached skill level 15 in Fighting
 17743 | Swamp:3  | Noticed Roxanne
 17807 | Swamp:4  | Entered Level 4 of the Swamp
 18173 | Swamp:4  | Got a decaying rune of Zot
 18678 | Depths:1 | Entered Level 1 of the Depths
 18707 | D:15     | Gained mutation: You are frail. (-10% HP) [mutagenic glow]
 18708 | D:15     | Cast into level 4 of the Abyss (unwielding a weapon of
                  | distortion)
 18814 | Abyss:4  | Gained mutation: You tend to lose your temper in combat. [a
                  | neqoxec]
 18823 | Abyss:4  | Gained mutation: You are very frail. (-20% HP) [a neqoxec]
 19088 | Abyss:4  | Reached skill level 18 in Axes
 19117 | Abyss:4  | Got an abyssal rune of Zot
 19133 | Abyss:4  | Lost mutation: You are very frail. (-20% HP) [a neqoxec]
 19135 | Abyss:4  | Paralysed by accursed screaming for 1 turns
 19218 | Abyss:4  | Gained mutation: You passively map a large area around you.
                  | [Deep Dwarf growth]
 19218 | Abyss:4  | Reached XP level 18. HP: 162/162 MP: 21/21
 19319 | Abyss:5  | Entered Level 5 of the Abyss
 19356 | D:15     | Escaped the Abyss
 19414 | D:15     | Lost mutation: You tend to lose your temper in combat.
                  | [potion of mutation]
 19414 | D:15     | Lost mutation: You are frail. (-10% HP) [potion of
                  | mutation]
 19414 | D:15     | Gained mutation: You have a pair of small horns on your
                  | head. [potion of mutation]
 19414 | D:15     | Gained mutation: Your skin changes colour to match your
                  | surroundings (Stealth+). [potion of mutation]
 19491 | Depths:1 | Found a gateway to Hell.
 19612 | Depths:1 | Noticed a lich
 19744 | Depths:1 | Noticed Nikola
 19761 | Depths:1 | Killed Nikola
 20061 | Depths:1 | Killed a lich
 20137 | Depths:2 | Reached skill level 15 in Invocations
 20418 | Depths:5 | Entered Level 5 of the Depths
 20439 | Depths:5 | Noticed Saint Roka
 20469 | Depths:5 | Killed Saint Roka
 20470 | Depths:5 | Noticed Frederick
 20471 | Depths:5 | Reached skill level 10 in Dodging
 20493 | Depths:5 | Killed Frederick
 20493 | Depths:5 | Reached XP level 19. HP: 190/190 MP: 23/23
 20818 | Depths:5 | Found a gate to the Realm of Zot.
 20829 | Zot:1    | Entered Level 1 of the Realm of Zot
 20952 | Zot:2    | Reached skill level 15 in Shields
 20962 | Zot:2    | Reached skill level 15 in Armour
 21098 | Zot:4    | Noticed a golden dragon
 21115 | Zot:4    | Noticed a golden dragon
 21132 | Zot:4    | HP: 13/292 [tentacled monstrosity (8)]
 21132 | Zot:4    | Slain by a green draconian

Illustrated notes

Levels and vault maps discovered:
D:1:      dpeg_arrival_stone_temple_mockup, layout_loops_ring
D:2:      layout_rooms, lemuel_round_altar,
          chequers_ecumenical_altar_simple_redux, lexackson_kobold_supper
D:3:      layout_rooms
D:4:      minmay_goblin_kobold_castle, layout_loops_cross, grunt_ministairs_11,
          uniq_edmund, uniq_duvessa
D:5:      layout_loops_ring, nicolae_dithmenos_the_darkroom,
          kennysheep_generic_room_12, uniq_eustachio
D:6:      layout_basic, hellmonk_ghost_happy_afterlife, minmay_misc_feat_square,
          elyvilon_altar_5
D:7:      layout_basic, minmay_temple_entry_glass, serial_shops, shop,
          uniq_pikel, uniq_menkaure
D:8:      layout_basic, bloody_trog, item_on_display_a
D:9:      minmay_goldmine, layout_cave_pools, nemelex_xobeh_ov_fountains_minmay,
          lair_entry_dummy
D:10:     layout_stronghold, serial_glass, glass_columns_b, glass_columns_b,
          feat_on_display, due_unseen_surprise, item_on_display_a,
          chequers_mini_garden, nooodl_orcs_dogs
D:11:     layout_cave_pods, uniq_snorg
D:12:     layout_roguey, kennysheep_orc_monster_closet_entryway, serial_shops,
          nicolae_shop_crystal, minmay_fractal_squares_gapless_5
D:13:     layout_loops_ring, david_vaults_3, drop_trap,
          minmay_misc_feat_diagonals, hangedman_aviary
D:14:     layout_basic, minmay_stone_trees_small, st_stairs_10,
          grunt_decor_arrowhead, lemuel_oklob_altar
D:15:     grunt_enter_depths_magical_seal, layout_basic
Temple:   dpeg_five_rooms_temple
Lair:1:   lemuel_slime, layout_regular_city, beast_lair_carwin_2
Lair:2:   layout_cave_pods, minmay_another_anthill, minmay_lair_oklob_chamber,
          uniq_sonja, uniq_maggie
Lair:3:   layout_loops_ring, dummy_snake_entry
Lair:4:   layout_roguey, minmay_swamp_entry_worms, ebering_ghost_funeral_grove
Swamp:1:  layout_basic_swamp, evilmike_swamp_ruin_house_4
Swamp:2:  layout_falls_marsh, hangedman_swamp_ruin_wall, swamp_pool3
Swamp:3:  layout_basic_swamp, evilmike_swamp_ruin_house_1, swamp_pool1,
          grunt_hermit_hut, infiniplex_staircase_pool_2, uniq_roxanne,
          uniq_jorgrun
Swamp:4:  swamp_basic_johnstein, layout_basic_swamp, uniq_aizul
Snake:1:  layout_rooms, nicolae_snake_round_shape_thing, st_stairs_5,
          grunt_ministairs_5, serial_bayou_pond_b
Snake:2:  layout_layer_cave, portal_ice_cave_entry_pillars_four,
          ebering_ghost_reflecting_pool
Snake:3:  layout_chambers, serial_shops, bzr_in_the_mist,
          nicolae_shop_behind_doors
Snake:4:  snake_pit, layout_cave_town, drop_trap,
          nrook_guardian_serpent_ordinary, uniq_bai_suzhen
Orc:1:    layout_diamond_mine, basic_altar, lightli_orcish_oven
Orc:2:    st_orc_pillars, layout_diamond_mine, basic_altar,
          ebering_ghost_reflecting_pool, serial_shops, shop_coins, mines5_lemuel
Depths:1: layout_cave_pools, chequers_big_river, hell_entry,
          kennysheep_windowed_goal, uniq_nikola
Depths:2: minmay_the_grid_square_5x5_4x4_mashed
          [minmay_the_grid_square_5x5_checkered, minmay_the_grid_square_5x5_two,
          minmay_the_grid_square_5x5_trominoes,
          minmay_the_grid_square_5x5_inner_v,
          minmay_the_grid_square_5x5_misaligned,
          minmay_the_grid_square_5x5_prize_waves,
          minmay_the_grid_square_5x5_prize_junk,
          minmay_the_grid_square_5x5_shrine2, minmay_the_grid_square_5x5_meh,
          minmay_the_grid_square_5x5_prize_open,
          minmay_the_grid_square_5x5_prize_pseudospiral,
          minmay_the_grid_square_5x5_comb, minmay_the_grid_square_5x5_spiral,
          minmay_the_grid_square_5x5_n_small, minmay_the_grid_square_5x5_bridge,
          minmay_the_grid_square_5x5_v], layout_cave_pools,
          gammafunk_ghost_crypt, hell_entry, infiniplex_staircase_zigzag_3
Depths:3: hangedman_cross_cluster, layout_cave_shapes, enter_ziggurat_a,
          pan_entry, hex_tiny, hangedman_geh_valley, kennysheep_minor_cross
Depths:4: box_level_dp, hell_entry, serial_shops, abyss_entry, pan_entry
Depths:5: grunt_zot_entry_hairpin, layout_basic, grunt_hell_entry_dis_mu,
          rand_demon_pan_entry_5, hangedman_abyss_or_decor_passed, uniq_margery,
          uniq_frederick, uniq_saint_roka
Zot:1:    layout_concentric_octagons, hangedman_zot_wheel_spokes,
          lemuel_flame_loot_1
Zot:2:    layout_onion_interference, gammafunk_ghost_necromancy
Zot:3:    gammafunk_sealed_library, layout_onion_interference
Zot:4:    layout_misc_corridors

Skill      XL: |  1  2  3  4  5  6  7  8  9 10 11 12 13 14 15 16 17 18 19 |
---------------+----------------------------------------------------------+-----
Fighting       | 3 4 5 6 8 9 10 11 12 13 14 15 16 17 | 17.9
Axes           | 3 4 5 6 7 9 10 11 13 14 15 16 17 18 | 18.0
Armour         | 4 5 6 7 8 9 10 11 12 13 14 15 | 15.4
Shields        | 4 5 6 7 8 9 10 11 12 13 14 15 | 15.0
Invocations    | 3 5 7 9 10 11 12 13 14 15 | 15.0
Evocations     | 2 5 7 8 |  8.0
Dodging        | 2 4 6 8 10 11 | 11.0

Action                   |  1- 3 |  4- 6 |  7- 9 | 10-12 | 13-15 | 16-18 | 19-21 || total
-------------------------+-------+-------+-------+-------+-------+-------+-------++-------
Melee: War axe           |   104 |    85 |   292 |   598 |    33 |       |       ||  1112
       Broad axe         |       |       |       |       |  1135 |  1165 |   262 ||  2562
       Headbutt          |       |       |       |       |       |    88 |    78 ||   166
Invok: Lesser Servant of |       |       |       |     1 |     1 |       |       ||     2
       Greater Servant o |       |       |       |       |       |       |     2 ||     2
 Abil: Heal Wounds       |     2 |     2 |    15 |    14 |     2 |       |     1 ||    36
Evoke: Wand              |       |       |       |     8 |     2 |       |       ||    10
       Tin of tremorston |       |       |       |       |     2 |     3 |       ||     5
       Condenser vane    |       |       |       |       |       |     2 |       ||     2
  Use: Scroll            |       |       |     5 |    13 |    19 |    10 |     4 ||    51
       Potion            |       |       |       |     1 |       |     2 |     2 ||     5
Armor: Scale mail        |    55 |    37 |    27 |       |       |       |       ||   119
       Crystal plate arm |       |       |   145 |   351 |   677 |  1016 |   252 ||  2441
Dodge: Dodged            |    43 |    42 |    69 |    71 |   143 |   363 |    98 ||   829
Block: Kite shield       |    64 |     4 |       |   360 |  1021 |  1197 |   319 ||  2965
       Buckler           |       |    16 |   130 |   149 |       |       |       ||   295
       Reflection        |       |       |    11 |    27 |    35 |    88 |     3 ||   164

Table legend: (Time is in decaauts)
 A = Elapsed time spent in this place.
 B = Non-inter-level travel time spent in this place.
 C = Inter-level travel time spent in this place.
 D = Time resting spent in this place.
 E = Time spent auto-exploring this place.
 F = Levels seen in this place.
 G = Mean time per level.
                   A        B        C        D        E       F      G
               +--------+--------+--------+--------+--------+-----+--------+
         Total |  20767 |  18564 |   2203 |    215 |  12656 |  43 |  483.0 |
       Dungeon |  10923 |   9809 |   1114 |     34 |   7095 |  15 |  728.2 |
        Temple |    190 |    109 |     81 |      0 |    102 |   1 |  190.0 |
          Lair |   3188 |   2760 |    428 |      0 |   2318 |   4 |  797.0 |
         Swamp |    949 |    826 |    123 |      0 |    412 |   4 |  237.2 |
     Snake Pit |   1758 |   1568 |    190 |      0 |   1017 |   4 |  439.5 |
  Orcish Mines |   1251 |   1100 |    151 |      0 |    776 |   2 |  625.5 |
        Depths |   1321 |   1258 |     63 |    166 |    499 |   5 |  264.2 |
           Zot |    256 |    205 |     51 |      0 |     41 |   4 |   64.0 |
         Abyss |    603 |    603 |      0 |     14 |    171 |   2 |  301.5 |
        Bazaar |    319 |    319 |      0 |      0 |    225 |   1 |  319.0 |
      Ice Cave |      4 |      4 |      0 |      0 |      0 |   1 |    4.0 |
               +--------+--------+--------+--------+--------+-----+--------+

Top non-repeatable levels by time:
    D:11: 1183 daAuts
     D:7: 1124 daAuts
    D:15: 1079 daAuts
    D:10: 977 daAuts
 Snake:4: 963 daAuts
  Lair:2: 947 daAuts
    D:13: 898 daAuts
     D:6: 891 daAuts
   Orc:2: 865 daAuts
    D:14: 847 daAuts
  Lair:3: 805 daAuts
     D:9: 780 daAuts
    D:12: 773 daAuts
     D:5: 761 daAuts
  Lair:1: 740 daAuts
